 Dungeon Sprint DCSS version 0.24-a0-217-g1152973 (webtiles) character file.

Game seed: 1255569006493423462

30 TheOrbIsALie the Ruffian (level 3, 0/30 HPs)
             Began as a Gargoyle Transmuter on Mar 29, 2019.
             Was an Initiate of Okawaru.
             Slain by a wight
             ... wielding a cursed +3 mace of freezing
              (6 damage)
             ... in the Dungeon (Sprint VII: "The Pits").
             The game lasted 00:00:49 (376 turns).

TheOrbIsALie the Ruffian (Gargoyle Transmuter)       Turns: 376, Time: 00:00:50

Health: 0/30       AC:  5    Str: 19    XL:     3   Next: 18%
Magic:  6/7        EV: 12    Int: 13    God:    Okawaru [......]
Gold:   0          SH:  0    Dex: 10    Spells: 6/7 levels left

rFire    . . .     SeeInvis .     - Unarmed
rCold    . . .     Gourm    .   (no shield)
rNeg     + . .     Faith    .   b - +0 robe
rPois    ∞         Spirit   .   (no helmet)
rElec    +         Reflect  .   (no cloak)
rCorr    .         Harm     .   (no gloves)
MR       .....     NoTele   +   (no boots)
Stlth    ..........             (no amulet)
HPRegen  0.10/turn              (no ring)
MPRegen  0.10/turn              (no ring)

@: berserking, very quick
A: negative energy resistance 1, electricity resistance, unbreathing,
petrification resistance, rot immunity, AC +3
a: Renounce Religion


You were in the Dungeon.
You worshipped Okawaru.
Okawaru was noncommittal.
You were not hungry.

You visited 1 branch

Inventory:

Missiles
 a - 12 arrows
Armour
 b - a +0 robe (worn)
Scrolls
 j - a scroll of blinking
 l - 3 scrolls of remove curse
 m - 5 scrolls of amnesia
 n - a scroll of summoning
Potions
 e - a potion of curing
 g - a potion of haste
 h - 4 potions of magic
 i - 2 potions of berserk rage
 k - 2 potions of invisibility
Comestibles
 d - 9 rations


   Skills:
 - Level 1.2 Fighting
 - Level 2.1 Dodging
 + Level 5.9 Unarmed Combat
 - Level 2.7 Spellcasting
 - Level 1.9 Transmutations


You had 6 spell levels left.
You knew the following spells:

 Your Spells              Type           Power        Failure   Level  Hunger
a - Beastly Appendage     Tmut           #.....       11%         1    #......

Your spell library contained the following spells:

 Spells                   Type           Power        Failure   Level  Hunger
 Sticks to Snakes         Tmut           #.......     16%         2    ###....
 Spider Form              Tmut/Pois      #.........   43%         3    ###....
 Ice Form                 Ice/Tmut       #.......     85%         4    #####..
 Blade Hands              Tmut           #.........   96%         5    ######.


Dungeon Overview and Level Annotations

Branches:
Dungeon (1/1)

Altars:
Ashenzari
Cheibriados
Dithmenos
Elyvilon
Fedhas
Gozag
Hepliaklqana
Kikubaaqudgha
Makhleb
Nemelex Xobeh
Okawaru
Qazlal
Ru
Sif Muna
Trog
Uskayaw
Vehumet
Wu Jian
Xom
Yredelemnul
Zin
The Shining One
Beogh
Jiyva
Lugonu


Innate Abilities, Weirdness & Mutations

You are resistant to torment.
Your stone body is resilient. (AC +3)
You are immune to poison.
You resist negative energy. (rN+)
You are resistant to electric shocks. (rElec)
You can survive without breathing.
You are immune to petrification.
You are immune to rotting.


Message History

The gnoll is moderately wounded.
The wight completely misses you. The wight closely misses you.
You hit the gnoll.
The gnoll is heavily wounded.
The gnoll hits you.
You punch the gnoll!
You kill the gnoll!
Okawaru accepts your kill.
You have reached level 3!
Your experience leads to an increase in your attributes!
Your base attributes are Str 13, Int 13, Dex 10.
Increase (S)trength, (I)ntelligence, or (D)exterity?
You feel stronger.
The wight hits you from afar with a +4 spear!
You closely miss the wight. You punch the wight, but do no damage.
Your horns disappear.
The wight hits you from afar with a +4 spear.
* * * LOW HITPOINT WARNING * * *
The wight hits you with a cursed +3 mace of freezing.
You die...

##########'##........
#.?(.')))'.##......#.
##########.##........
#..........÷'........
+#####)#####......#.
#...#.# #........
#...#.# ####'####
#...'.# #.......#
##@#### #.......#
#.zz..# #.......#
#...z.# #...<...#
#....... #.......#
#........##.......#
###########.......#
#########


You could see 3 wights.

Vanquished Creatures
  A gnoll (D)
  A river rat (D)
  An ufetubus (D)
  A hobgoblin (D)
  A quokka (D)
  A frilled lizard (D)
  A giant cockroach zombie (D)
  A jackal zombie (D)
8 creatures vanquished.

Notes
Turn   | Place    | Note
-------+----------+-------------------------------------------
     0 | D        | TheOrbIsALie the Gargoyle Transmuter began the quest for
                  | the Orb.
     0 | D        | Reached XP level 1. HP: 12/12 MP: 3/3
    50 | D        | Found a bloodstained altar of Trog.
    50 | D        | Found a deep blue altar of Sif Muna.
    50 | D        | Found a viscous altar of Jiyva.
    50 | D        | Found a hazy altar of Hepliaklqana.
    50 | D        | Found an opulent altar of Gozag.
    51 | D        | Found a glowing golden altar of the Shining One.
    51 | D        | Found a glowing silver altar of Zin.
    51 | D        | Found a basalt altar of Yredelemnul.
    51 | D        | Found a shimmering altar of Xom.
    51 | D        | Found an ornate altar of the Wu Jian Council.
    51 | D        | Found a sacrificial altar of Ru.
    51 | D        | Found a stormy altar of Qazlal.
    51 | D        | Found an iron altar of Okawaru.
    51 | D        | Found a sparkling altar of Nemelex Xobeh.
    51 | D        | Found a burning altar of Makhleb.
    51 | D        | Found a blossoming altar of Fedhas.
    51 | D        | Found a white marble altar of Elyvilon.
    51 | D        | Found a shadowy altar of Dithmenos.
    51 | D        | Found a snail-covered altar of Cheibriados.
    53 | D        | Found a radiant altar of Vehumet.
    53 | D        | Found a corrupted altar of Lugonu.
    53 | D        | Found a roughly hewn altar of Beogh.
    54 | D        | Found a hide-covered altar of Uskayaw.
    54 | D        | Found an ancient bone altar of Kikubaaqudgha.
    54 | D        | Found a shattered altar of Ashenzari.
    59 | D        | Became a worshipper of Warmaster Okawaru
   202 | D        | Reached skill level 4 in Unarmed Combat
   202 | D        | Reached XP level 2. HP: 8/16 MP: 3/5
   366 | D        | Noticed a wight
   366 | D        | Noticed a wight
   366 | D        | Noticed a wight
   371 | D        | Reached skill level 5 in Unarmed Combat
   375 | D        | Reached XP level 3. HP: 19/20 MP: 5/7
   376 | D        | Slain by a wight

Levels and vault maps discovered:
D:        pitsprint [storerooms_1, entrance_room_1, metal_vault_8, armoury_2,
          mini_pit_1, grid_room_1, main_hall_1, silver_pit, the_coven_2,
          the_vestibule_1, steel_vault_2, golden_pit, hallway_of_sentries,
          crystal_vault_1, iron_vault_3, final_vault]

Skill      XL: |  1  2 |
---------------+-------+-----
Dodging        | 2 |  2.1
Unarmed Combat | 4 5 |  5.9
Fighting       | |  1.2
Spellcasting   | |  2.7
Transmutations | |  1.9

Action                   || total
-------------------------++-------
Melee: Unarmed           ||    37
       Kick              ||     3
       Punch             ||     1
 Cast: Beastly Appendage ||     4
  Use: Potion            ||     2
Armor: Robe              ||    13
Dodge: Dodged            ||    27

Table legend:
 A = Non-vault XP
 B = Vault XP
 C = Vault XP percentage of total XP
 D = Non-vault monster count
 E = Vault monster count
 F = Vault count percentage of total count
                 A         B        C        D         E       F
            +---------+---------+-------+---------+---------+-------
      Total |       0 |      43 | 100.0 |       0 |       8 | 100.0
            +---------+---------+-------+---------+---------+-------
          D |       0 |      43 | 100.0 |       0 |       8 | 100.0
            +---------+---------+-------+---------+---------+-------
